 Dungeon Crawl Stone Soup version 0.32-a0-842-gbbb8fdbe59 (webtiles) character file.

Game seed: 1368056195083377395

67 Essalna the Firebug (level 4, -2/32 HPs)
             Began as a Demonspawn Fire Elementalist on Mar 27, 2024.
             Slain by an orc
             ... wielding a +0 hand axe
              (4 damage)
             ... on level 3 of the Dungeon.
             The game lasted 00:02:54 (2234 turns).

Essalna the Firebug (Demonspawn Fire Elementalist)  Turns: 2234, Time: 00:02:55

Health: -2/32      AC:  4    Str:  8    XL:     4   Next: 0%
Magic:  2/7        EV: 11    Int: 17    God:
Gold:   148        SH:  0    Dex: 14    Spells: 5/8 levels left

rFire   . . .        (no weapon)
rCold   . . .        (no shield)
rNeg    . . .        a - +0 robe
rPois   .            (helmet restricted)
rElec   .            (no cloak)
rCorr   .            (no gloves)
SInv    .            (no boots)
Will    .....        (no amulet)
Stlth   ++           (no ring)
HPRegen 0.25/turn    (no ring)
MPRegen 0.10/turn

%: no passive effects
@: no status effects
A: horns 1, thin metallic scales 1
a: no special abilities


You were on level 3 of the Dungeon.
You visited 1 branch of the dungeon, and saw 3 of its levels.

You collected 148 gold pieces.

Inventory:

Armour
 a - a +0 robe (worn)
Scrolls
 c - a scroll of enchant weapon {unknown}
Potions
 b - a potion of magic
 d - a potion of invisibility
 e - 2 potions of curing {unknown}
 f - a potion of degeneration {unknown}


   Skills:
 + Level 1.6 Fighting
 - Level 1.7 Dodging
 - Level 1.7 Stealth
 + Level 2.5 Spellcasting
 + Level 2.0 Conjurations
 + Level 3.2 Fire Magic


You had 5 spell levels left.
You knew the following spells:

 Your Spells              Type           Power      Damage    Failure   Level
a - Foxfire               Conj/Fire      44%        2x1d6     6%          1
b - Scorch                Fire           26%        2d6       8%          2

Your spell library contained the following spells:

 Spells                   Type           Power      Damage    Failure   Level
 Shock                    Conj/Air       20%        1d4       12%         1
 Lesser Beckoning         Tloc           4%         N/A       28%         2
 Inner Flame              Hex/Fire       7%         N/A       28%         3
 Volatile Blastmotes      Fire/Tloc      14%        2d11      28%         3
 Gell's Gravitas          Tloc           2%         N/A       50%         3
 Swiftness                Air            2%         N/A       50%         3
 Teleport Other           Tloc           2%         N/A       50%         3
 Flame Wave               Conj/Fire      11%        2d6       52%         4
 Airstrike                Air            1%         2d(1-17)  88%         4


Dungeon Overview and Level Annotations

Branches:
Dungeon (3/15)

Altars:
Cheibriados


Innate Abilities, Weirdness & Mutations

You have a pair of small horns on your head.
You are partially covered in thin metallic scales. (AC +2)


Message History

You don't have enough magic to cast this spell.
Casting: Foxfire (safe; 6% risk of failure)
Confirm with . or Enter, or press ? or * to list all spells.
You don't have enough magic to cast this spell.
Casting: Foxfire (safe; 6% risk of failure)
Confirm with . or Enter, or press ? or * to list all spells.
You don't know that spell.
Your foxfire dissipates!
The foxfire hits the orc but does no damage.
An orc comes into view. It is wielding a +0 club.
An orc comes into view. It is wielding a +0 dagger.
You hit the orc but do no damage. The orc barely misses you.
The orc hits you with a +0 hand axe. The orc hits you with a +0 hand axe.
A rat comes into view.
The orc barely misses you. The orc hits you with a +0 hand axe.
The orc hits you but does no damage. The orc closely misses you.
The orc hits you but does no damage. x2
The orc hits you with a +0 hand axe. The orc hits you but does no damage. x2
The orc closely misses you. The orc hits you but does no damage. x2
The orc hits you with a +0 hand axe. The orc hits you with a +0 club.
The orc barely misses you. The orc hits you with a +0 hand axe.
The orc hits you but does no damage. The orc closely misses you.
The orc completely misses you. The orc closely misses you.
The orc hits you but does no damage.
The orc barely misses you. x2; The orc closely misses you.
The orc barely misses you. The orc hits you with a +0 club.
The orc hits you with a +0 dagger. The orc hits you with a +0 hand axe.
The orc hits you with a +0 club.
* * * LOW HITPOINT WARNING * * *
The orc hits you but does no damage. The orc hits you with a +0 hand axe.
* * * LOW HITPOINT WARNING * * *
The orc hits you with a +0 club.
* * * LOW HITPOINT WARNING * * *
The orc completely misses you.
The orc hits you but does no damage. x2; The orc misses you.
The orc hits you with a +0 hand axe.
You die... #....... ......# ..#..) .?..# ## †..## .. #)..##.# #ro....# #ooo#

##@##
##...##
##.....##
#.......#
#.......#
#.......#
##.....##
##...##
##<##


You could see 4 orcs and a rat.

Vanquished Creatures
  An orc wizard (D:3)
  A dart slug (D:1)
  2 ball pythons
  5 bats
  4 endoplasms
  2 giant cockroaches (D:1)
  5 goblins
  3 hobgoblins
  2 quokkas (D:1)
  2 frilled lizards
  7 kobolds
  3 rats
37 creatures vanquished.

Vanquished Creatures (others)
  130 foxfires
130 creatures vanquished.

Grand Total: 167 creatures vanquished

Notes
Turn   | Place    | Note
-------+----------+-------------------------------------------
     0 | D:1      | Essalna the Demonspawn Fire Elementalist began the quest
                  | for the Orb.
     0 | D:1      | Reached XP level 1. HP: 13/13 MP: 3/3
   253 | D:1      | Gained mutation: You are partially covered in thin metallic
                  | scales. (AC +2) [demonic ancestry]
   253 | D:1      | Reached XP level 2. HP: 20/20 MP: 1/5
   716 | D:1      | Learned a level 2 spell: Scorch
   801 | D:1      | Reached skill level 1 in Fighting
   965 | D:1      | Reached skill level 3 in Fire Magic
  1137 | D:1      | Reached XP level 3. HP: 14/26 MP: 0/6
  1990 | D:2      | Found a snail-covered altar of Cheibriados.
  2144 | D:2      | Found a faded altar of an unknown god.
  2215 | D:3      | Gained mutation: You have a pair of small horns on your
                  | head. [demonic ancestry]
  2215 | D:3      | Reached XP level 4. HP: 32/32 MP: 0/7
  2234 | D:3      | Slain by an orc

Illustrated notes

Levels and vault maps discovered:
D:1:      dpeg_arrival_connections, layout_loops_ring, chequers_avenue
D:2:      layout_loops_cross, basic_altar, basic_ecumenical_altar
D:3:      layout_loops_ring

Skill      XL: |  1  2  3 |
---------------+----------+-----
Fighting       | 1 |  1.6
Fire Magic     | 3 |  3.2
Conjurations   | 2 |  2.0
Dodging        | |  1.7
Stealth        | |  1.7
Spellcasting   | |  2.5

Action                     |  1- 3 |  4- 6 || total
---------------------------+-------+-------++-------
  Melee: Unarmed           |    85 |     1 ||    86
   Cast: Foxfire           |    83 |       ||    83
    Use: Scroll            |     2 |       ||     2
 Armour: Robe              |    67 |    26 ||    93
  Dodge: Dodged            |    59 |    14 ||    73

Table legend: (Time is in decaauts)
 A = Elapsed time spent in this place.
 B = Non-inter-level travel time spent in this place.
 C = Inter-level travel time spent in this place.
 D = Time resting spent in this place.
 E = Time spent auto-exploring this place.
 F = Levels seen in this place.
 G = Mean time per level.
                   A        B        C        D        E       F      G
               +--------+--------+--------+--------+--------+-----+--------+
         Total |   2233 |   2197 |     36 |      0 |   1850 |   3 |  744.3 |
       Dungeon |   2233 |   2197 |     36 |      0 |   1850 |   3 |  744.3 |
               +--------+--------+--------+--------+--------+-----+--------+

Top non-repeatable levels by time:
     D:1: 1421 daAuts
     D:2: 777 daAuts
     D:3: 34 daAuts
